 Dungeon Crawl Stone Soup version 0.28-a0-1506-g3893175d92 (webtiles) character file.

Game seed: 8146664008927210711

107 dr0g0th the Shield-Bearer (level 4, 0/41 HPs)
             Began as a Gnoll Fighter on Jan 13, 2022.
             Succumbed to a kobold's poison
             ... on level 3 of the Dungeon.
             The game lasted 00:01:53 (2277 turns).

dr0g0th the Shield-Bearer (Gnoll Fighter)           Turns: 2277, Time: 00:01:53

Health: 0/41       AC:  7    Str: 17    XL:     4   Next: 85%
Magic:  5/5        EV:  9    Int:  7    God:
Gold:   86         SH:  5    Dex: 12    Spells: 5/5 levels left

rFire   . . .      SeeInvis .   a - +0 long sword
rCold   . . .      Faith    .   c - +0 buckler
rNeg    . . .      Spirit   .   b - +0 scale mail
rPois   .          Reflect  .   (no helmet)
rElec   .          Harm     .   (no cloak)
rCorr   .          Rampage  .   (no gloves)
Will    .....                   (no boots)
Stlth   ..........              (no amulet)
HPRegen 0.13/turn               (no ring)
MPRegen 0.09/turn               (no ring)

@: lethally poisoned (0 -> -2), flying, slowed, very slow
A: fangs 1, strong nose, distributed training
a: no special abilities


You were on level 3 of the Dungeon.
You visited 1 branch of the dungeon, and saw 3 of its levels.

You collected 86 gold pieces.

Inventory:

Hand Weapons
 a - a +0 long sword (weapon)
Armour
 b - a +0 scale mail (worn)
 c - a +0 buckler (worn)
Jewellery
 e - an amulet of guardian spirit
 h - a ring of flight
Wands
 j - a wand of mindburst (15)
Scrolls
 f - 2 scrolls of identify {unknown}
 g - 3 scrolls of teleportation {unknown}
 i - a scroll of blinking {unknown}
 k - a scroll of immolation {unknown}
Potions
 d - a potion of might


   Skills:
 + Level 6.6 Fighting
 + Level 1.2 Short Blades
 + Level 4.7 Long Blades
 + Level 1.2 Axes
 + Level 1.2 Maces & Flails
 + Level 1.2 Polearms
 + Level 1.2 Staves
 + Level 1.2 Slings
 + Level 1.2 Bows
 + Level 1.2 Crossbows
 + Level 1.2 Throwing
 + Level 6.6 Armour
 + Level 1.2 Dodging
 + Level 1.2 Stealth
 + Level 6.6 Shields
 + Level 1.2 Unarmed Combat
 + Level 1.2 Spellcasting
 + Level 1.0 Conjurations
 + Level 1.0 Hexes
 + Level 1.0 Summonings
 + Level 1.0 Necromancy
 + Level 1.0 Translocations
 + Level 1.0 Transmutations
 + Level 1.0 Fire Magic
 + Level 1.0 Ice Magic
 + Level 1.0 Air Magic
 + Level 1.0 Earth Magic
 + Level 1.0 Poison Magic
 + Level 1.4 Invocations
 + Level 1.2 Evocations


You had 5 spell levels left.
You didn't know any spells.
Your spell library was empty.

Dungeon Overview and Level Annotations

Branches:
Dungeon (3/15)

Altars:

Annotations:
D:3 Natasha


Innate Abilities, Weirdness & Mutations

You have very sharp teeth.
Your uncanny sense of smell can sniff out nearby items.
Your experience applies equally to all skills.


Message History

You slash the kobold!
You kill the kobold!
You feel very sick. Natasha barely misses you. You block Natasha's attack.
You feel very sick.
The crimson imp hits you but does no damage.
Natasha barely misses you.
Things that are here:
a +2 dagger of venom; a kobold corpse You are too injured to fight recklessly!
You are too injured to fight recklessly!
You miss Natasha.
Natasha is heavily wounded.
You feel very sick. The crimson imp hits you. Natasha completely misses you.
You closely miss Natasha.
Natasha is heavily wounded.
You feel sick.
The crimson imp hits you but does no damage.
Natasha growls.
Natasha stares at you and mumbles some strange words.
You feel yourself slow down.
The crimson imp hits you but does no damage.
You closely miss Natasha.
Natasha is heavily wounded.
You feel very sick. Natasha claws you.
* * * LOW HITPOINT WARNING * * *
The crimson imp misses you. Natasha claws you.
* * * LOW HITPOINT WARNING * * *
Okay, then.
You slash Natasha!
Natasha is almost dead.
* * * LOW HITPOINT WARNING * * *
You feel sick. You block the crimson imp's attack. Natasha closely misses you.
The crimson imp shouts, "Scamper hence, thou grime-gilt toad-spotted dandiprat!"
The crimson imp hits you but does no damage.
You closely miss Natasha.
Natasha is almost dead.
You die...

#......#....(....#.##
........÷.............<
###..(.......######....
#####......######....
#................ ..
#...[...........#
....#####...............#
.......5.......#####
.......h@#+#####
.........# .........#
.........# ∆ #####....#
.....' ......# ...#####


You could see Natasha and a crimson imp (summoned).

Vanquished Creatures
  Natasha (D:3)
  3 adders
  2 worms (D:2)
  2 ball pythons
  5 endoplasms
  3 giant cockroaches
  4 hobgoblins
  4 kobolds
  3 quokkas
  7 bats
  3 frilled lizards
  5 goblins
  3 rats
45 creatures vanquished.

Notes
Turn   | Place    | Note
-------+----------+-------------------------------------------
     0 | D:1      | dr0g0th the Gnoll Fighter began the quest for the Orb.
     0 | D:1      | Reached XP level 1. HP: 23/23 MP: 1/1
   187 | D:1      | Reached XP level 2. HP: 29/29 MP: 2/2
   227 | D:1      | Found a faded altar of an unknown god.
   868 | D:2      | Reached XP level 3. HP: 29/35 MP: 3/3
   889 | D:2      | Reached skill level 1 in Invocations
  1435 | D:2      | Reached skill level 1 in Short Blades
  1435 | D:2      | Reached skill level 1 in Axes
  1435 | D:2      | Reached skill level 1 in Maces & Flails
  1435 | D:2      | Reached skill level 1 in Polearms
  1435 | D:2      | Reached skill level 1 in Staves
  1435 | D:2      | Reached skill level 1 in Slings
  1435 | D:2      | Reached skill level 1 in Bows
  1435 | D:2      | Reached skill level 1 in Crossbows
  1435 | D:2      | Reached skill level 1 in Throwing
  1435 | D:2      | Reached skill level 1 in Dodging
  1435 | D:2      | Reached skill level 1 in Stealth
  1435 | D:2      | Reached skill level 1 in Unarmed Combat
  1435 | D:2      | Reached skill level 1 in Spellcasting
  1435 | D:2      | Reached skill level 1 in Evocations
  1435 | D:2      | Reached XP level 4. HP: 36/41 MP: 5/5
  1922 | D:3      | Noticed Natasha
  1931 | D:3      | Killed Natasha
  1932 | D:3      | Reached skill level 1 in Conjurations
  1932 | D:3      | Reached skill level 1 in Hexes
  1932 | D:3      | Reached skill level 1 in Summonings
  1932 | D:3      | Reached skill level 1 in Necromancy
  1932 | D:3      | Reached skill level 1 in Translocations
  1932 | D:3      | Reached skill level 1 in Transmutations
  1932 | D:3      | Reached skill level 1 in Fire Magic
  1932 | D:3      | Reached skill level 1 in Ice Magic
  1932 | D:3      | Reached skill level 1 in Air Magic
  1932 | D:3      | Reached skill level 1 in Earth Magic
  1932 | D:3      | Reached skill level 1 in Poison Magic
  2261 | D:3      | Noticed Natasha
  2276 | D:3      | HP: 2/41 [poisoned by a kobold]
  2277 | D:3      | Succumbed to a kobold's poison

Illustrated notes

Levels and vault maps discovered:
D:1:      lemuel_arrival_rhombus, layout_loops_ring,
          ebering_ecumenical_altar_rust
D:2:      layout_loops_corners, serial_glass, glass_columns_c, glass_columns_a,
          glass_columns_c, glass_columns_a, glass_columns_a, glass_columns_a,
          minmay_close_crescents
D:3:      layout_basic, uniq_grinder, uniq_natasha

Skill      XL: |  1  2  3  4 |
---------------+-------------+-----
Invocations    | 1 |  1.4
Short Blades   | 1 |  1.2
Axes           | 1 |  1.2
Maces & Flails | 1 |  1.2
Polearms       | 1 |  1.2
Staves         | 1 |  1.2
Slings         | 1 |  1.2
Bows           | 1 |  1.2
Crossbows      | 1 |  1.2
Throwing       | 1 |  1.2
Dodging        | 1 |  1.2
Stealth        | 1 |  1.2
Unarmed Combat | 1 |  1.2
Spellcasting   | 1 |  1.2
Evocations     | 1 |  1.2
Conjurations   | 1 |  1.0
Hexes          | 1 |  1.0
Summonings     | 1 |  1.0
Necromancy     | 1 |  1.0
Translocations | 1 |  1.0
Transmutations | 1 |  1.0
Fire Magic     | 1 |  1.0
Ice Magic      | 1 |  1.0
Air Magic      | 1 |  1.0
Earth Magic    | 1 |  1.0
Poison Magic   | 1 |  1.0
Fighting       | |  6.6
Long Blades    | |  4.7
Armour         | |  6.6
Shields        | |  6.6

Action                   |  1- 3 |  4- 6 || total
-------------------------+-------+-------++-------
Melee: Long sword        |    94 |    59 ||   153
       Bite              |     6 |     3 ||     9
  Use: Potion            |       |     2 ||     2
Armor: Scale mail        |    40 |    40 ||    80
Dodge: Dodged            |    29 |    39 ||    68
Block: Buckler           |    33 |    22 ||    55

Table legend: (Time is in decaauts)
 A = Elapsed time spent in this place.
 B = Non-inter-level travel time spent in this place.
 C = Inter-level travel time spent in this place.
 D = Time resting spent in this place.
 E = Time spent auto-exploring this place.
 F = Levels seen in this place.
 G = Mean time per level.
                   A        B        C        D        E       F      G
               +--------+--------+--------+--------+--------+-----+--------+
         Total |   2310 |   2265 |     45 |    479 |   1451 |   3 |  770.0 |
       Dungeon |   2310 |   2265 |     45 |    479 |   1451 |   3 |  770.0 |
               +--------+--------+--------+--------+--------+-----+--------+

Top non-repeatable levels by time:
     D:2: 1150 daAuts
     D:1: 730 daAuts
     D:3: 429 daAuts
